 Dungeon Crawl Stone Soup version 0.19.4-9-g45fd643 (webtiles) character file.

13826 Mefis the Thaumaturge (level 11, 0/54 HPs)
             Began as a Deep Elf Ice Elementalist on Feb 17, 2017.
             Was a High Priest of Sif Muna.
             Slain by a yak (11 damage)
             ... on level 11 of the Dungeon.
             The game lasted 00:49:31 (19417 turns).

Mefis the Thaumaturge (Deep Elf Ice Elementalist)  Turns: 19417, Time: 00:49:32

Health: 0/54       AC:  2    Str:  5    XL:     11   Next: 80%
Magic:  8/28       EV: 17    Int: 24    God:    Sif Muna [*****.]
Gold:   589        SH:  0    Dex: 15    Spells: 8 memorised, 12 levels left

rFire  + + +     SeeInvis +     V - +5 dagger of the Hills {freeze, *Drain Fragile rPois rF+++}
rCold  . . .     Gourm    .     D - -1 robe (curse)
rNeg   . . .     Faith    .     (no shield)
rPois  +         Spirit   .     N - +0 hat {SInv}
rElec  .         Reflect  .     T - +0 cloak
rCorr  .         Harm     .     (no gloves)
MR     +....                    (no boots)
Stlth  +++.......               (no amulet)
                                E - +4 ring of slaying
                                i - ring of poison resistance

@: about to teleport, divine energy
A: no striking features
a: Stop Divine Energy, Channel Magic, Forget Spell, Renounce Religion


You were on level 11 of the Dungeon.
You worshipped Sif Muna.
Sif Muna was extremely pleased with you.
You were very hungry.

You visited 2 branches of the dungeon, and saw 12 of its levels.
You also visited: Sewer.

You collected 589 gold pieces.

Inventory:

Hand Weapons
 V - the +5 dagger of the Hills (weapon) {freeze, *Drain Fragile rPois rF+++}
   (You found it on level 9 of the Dungeon)

   It has been specially enchanted to freeze those struck by it, causing extra
   injury to most foes and up to half again as much damage against particularly
   susceptible opponents.
   It can also slow down cold-blooded creatures.
   It renders you almost immune to fire.
   It protects you from poison.
   It causes draining when unequipped.
   It will be destroyed if unequipped.
Armour
 o - a +2 robe of positive energy
 D - a cursed -1 robe (worn)
 N - a +0 hat of see invisible (worn)
 T - a +0 cloak (worn)
Magical Staves
 L - an uncursed staff of fire {unknown}
Jewellery
 i - a ring of poison resistance (left hand)
 E - a +4 ring of slaying (right hand)
 X - a +3 ring of dexterity {unknown}
Wands
 d - a wand of lightning (7/15)
 s - a wand of polymorph (20/24)
 J - a wand of acid (8/15)
Scrolls
 h - 2 scrolls of recharging
 j - a scroll of enchant weapon
 n - 2 scrolls of enchant armour
 t - 2 scrolls of immolation
 v - a scroll of fog
 x - a scroll of remove curse {unknown}
 I - 3 scrolls of teleportation
 K - a scroll of blinking {unknown}
 Q - 2 scrolls of amnesia
 R - a scroll of fear {unknown}
 W - a scroll of holy word {unknown}
 Y - a scroll of vulnerability {unknown}
Potions
 e - 3 potions of heal wounds {unknown}
 g - a potion of brilliance {unknown}
 k - 2 potions of curing
 m - a potion of lignification {unknown}
 p - a potion of resistance {unknown}
 q - 2 potions of haste {unknown}
 r - 2 potions of might {unknown}
 u - a potion of degeneration {unknown}
 w - a potion of experience {unknown}
 B - a potion of cure mutation {unknown}
 C - 3 potions of magic {unknown}
 H - 3 potions of mutation {unknown}
 M - a potion of cancellation {unknown}
 O - a potion of agility {unknown}
Books
 a - a book of Cantrips

   Spells                             Type                      Level
   a - Confusing Touch                Hexes                        1
   b - Animate Skeleton               Necromancy                   1
   c - Summon Small Mammal            Summoning                    1
   d - Apportation                    Translocation                1
 b - a book of Frost

   Spells                             Type                      Level
   a - Freeze                         Ice                          1
   b - Throw Frost                    Conjuration/Ice              2
   c - Ozocubu's Armour               Charms/Ice                   3
   d - Throw Icicle                   Conjuration/Ice              4
   e - Summon Ice Beast               Ice/Summoning                4
 y - a book of Beasts

   Spells                             Type                      Level
   a - Summon Butterflies             Summoning                    1
   b - Call Canine Familiar           Summoning                    3
   c - Summon Ice Beast               Ice/Summoning                4
   d - Summon Mana Viper              Hexes/Summoning              5
   e - Summon Hydra                   Summoning                    7
Miscellaneous
 U - a disc of storms
Comestibles
 c - 8 bread rations
 f - 2 fruits
 l - 3 beef jerkies
 F - 3 meat rations
 P - 2 slices of pizza
 S - 10 royal jellies


   Skills:
 + Level 8.0 Dodging
 - Level 6.4 Stealth
 * Level 11.8 Spellcasting
 + Level 7.5 Conjurations
 + Level 8.9 Charms
 + Level 7.2 Summonings
 * Level 9.1 Ice Magic
 + Level 4.6 Invocations
 + Level 4.9 Evocations


You had 12 spell levels left.
You knew the following spells:

 Your Spells              Type           Power        Failure   Level  Hunger
a - Freeze                Ice            ####         1%          1    None
b - Summon Butterflies    Summ           #####...     1%          1    None
d - Throw Icicle          Conj/Ice       ######..     1%          4    None
m - Animate Skeleton      Necr           N/A          6%          1    None
n - Summon Ice Beast      Ice/Summ       ######..     1%          4    None
p - Ozocubu's Armour      Chrm/Ice       ######..     1%          3    None
s - Throw Frost           Conj/Ice       ######       1%          2    None
v - Summon Mana Viper     Hex/Summ       ####....     28%         5    ###....


Dungeon Overview and Level Annotations

Branches:
Dungeon (11/15)            Temple (1/1) D:5            Lair (0/6) D:11
    Orc: D:9-12

Altars:
Ashenzari
Cheibriados
Dithmenos
Elyvilon
Fedhas
Gozag
Hepliaklqana
Kikubaaqudgha
Makhleb
Nemelex Xobeh
Okawaru
Qazlal
Ru
Sif Muna
Trog
Uskayaw
Vehumet
Xom
Yredelemnul
Zin
The Shining One

Shops:
D:8 [

Annotations:
D:3 Zorot's ghost, weakling DsGl


Message History

A chill wind blows around you.
Your butterfly disappears in a puff of smoke! x2
The yak gores your ice beast but does no damage.
Your ice beast hits the yak but does no damage.
Okay, then.
Unknown command.
It was a potion of curing.
You feel better. The yak closely misses you. The hippogriff bites you!
* * * LOW HITPOINT WARNING * * *
The hippogriff pecks you.
* * * LOW HITPOINT WARNING * * *
The hippogriff claws you.
* * * LOW HITPOINT WARNING * * *
The yak completely misses you. The yak gores your ice beast!
Your ice beast hits the yak but does no damage.
Your ice beast barely misses the yak.
You feel better.
Something bites the plant but does no damage.
The yak gores you!
You die...

#..# #...# #.b#
.####..####...# #..#
..............(# #<.#
..............<# #.b#
.###.#..####...# #.Y#
...b.....# #...######oY#
....PP..P# #........(YY#
P....bPbH###.......§.rb#
..PPPbP.Y@##......Y(...#
..PPPbPbYP##...######..#


P.PPP.PPYYY#...# #..# PP.P..PPPY.#...# #..# PPP.P.PPPP.....# #..#
PP.PP..PPP.P...# #..# hPP.PPP.PP.P<..# #††# ...P>PPP.P.[...# #..#
PPPP.P..PPP....# #..# You could see a hippogriff, 4 yaks and 2 friendly ice
beasts.

Vanquished Creatures
  Gastronok (D:8)
  Erolcha (D:10)
  A hill giant (D:10)
  A centaur zombie (D:11)
  Joseph (D:10)
  5 hippogriffs
  Sigmund (D:6)
  2 yaks
  2 wyverns
  Eustachio (D:6)
  A hungry ghost (D:7)
  A water moccasin (D:11)
  4 orc warriors
  An ice beast (D:9)
  2 sky beasts
  The ghost of Squonk the Sneak, an amateur NaEn (D:4)
  A phantom (D:10)
  3 necrophages
  8 ogres
  5 centaurs
  8 big kobolds
  4 bullfrogs
  A gnoll sergeant (D:6)
  Dowan (D:6)
  A wyvern skeleton (D:7)
  3 scorpions
  5 killer bees
  A wight (D:6)
  3 howler monkeys
  3 bullfrog zombies
  A crimson imp (D:11)
  A quasit (D:8)
  A bullfrog skeleton (D:5)
  3 hounds
  4 orc priests
  3 jellies (D:8)
  10 orc wizards
  A centaur skeleton (D:10)
  5 iguanas
  Jessica (D:3)
  5 worker ants
  2 hound skeletons
  14 adders
  3 river rats
  3 shadow imps
  11 oozes
  An adder skeleton (D:9)
  2 adder zombies (D:9)
  4 worms
  3 dart slugs
  4 leopard geckos
  19 orcs
  3 giant cockroaches
  10 hobgoblins
  2 jackals (D:3)
  11 kobolds
  5 quokkas
  5 ball pythons
  23 bats
  7 frilled lizards
  A giant cockroach zombie (D:5)
  6 goblins
  A quokka skeleton (D:4)
  17 rats
265 creatures vanquished.

Vanquished Creatures (collateral kills)
  2 hydras
  Urug (D:10)
  2 hill giants
  The ghost of xhc the Basher, a novice MiFi of Xom (D:8)
  The ghost of Zorot the Skirmisher, a novice DsGl (D:5)
  A centaur skeleton (D:10)
  2 trolls
  6 yaks (D:11)
  A wyvern (D:8)
  2 hungry ghosts
  Duvessa (D:6)
  2 orc warriors
  A sky beast (D:5)
  A gnoll sergeant (D:6)
  11 killer bees
  An orc priest (D:8)
  2 orcs (D:8)
  2 giant cockroaches
  A bat (D:11)
  A rat (D:11)
42 creatures vanquished.

Vanquished Creatures (others)
  6 fungi (D:11)
  A plant (D:11)
7 creatures vanquished.

Grand Total: 314 creatures vanquished

Notes
Turn   | Place    | Note
-------+----------+-------------------------------------------
     0 | D:1      | Mefis the Deep Elf Ice Elementalist began the quest for the Orb.
     0 | D:1      | Reached XP level 1. HP: 10/10 MP: 6/6
   291 | D:1      | Reached XP level 2. HP: 11/15 MP: 5/8
   297 | D:1      | Learned a level 2 spell: Throw Frost
   719 | D:2      | Found an opulent altar of Gozag.
   837 | D:2      | Reached XP level 3. HP: 19/19 MP: 8/10
   842 | D:2      | Learned a level 3 spell: Ozocubu's Armour
  1070 | D:2      | Reached skill level 4 in Spellcasting
  1388 | D:2      | Reached XP level 4. HP: 18/24 MP: 6/12
  1733 | D:2      | Found a shadowy altar of Dithmenos.
  1742 | D:2      | Reached skill level 1 in Charms
  2316 | D:2      | Found a faded altar of an unknown god.
  2316 | D:2      | Found a faded altar of an unknown god.
  2322 | D:2      | Found a glowing golden altar of the Shining One.
  2324 | D:2      | Found a faded altar of an unknown god.
  2325 | D:2      | Found a faded altar of an unknown god.
  2507 | D:3      | Learned a level 4 spell: Summon Ice Beast
  3067 | D:3      | Reached XP level 5. HP: 28/28 MP: 7/13
  3158 | D:3      | Noticed Zorot's ghost (weakling DsGl)
  3528 | D:3      | Noticed Jessica
  3531 | D:3      | Killed Jessica
  4353 | D:4      | Found an iron altar of Okawaru.
  4675 | D:4      | Noticed an ogre
  4681 | D:4      | Killed an ogre
  4681 | D:4      | Reached skill level 5 in Spellcasting
  4681 | D:4      | Reached skill level 1 in Summonings
  4681 | D:4      | Reached XP level 6. HP: 32/32 MP: 3/15
  4766 | D:4      | Learned a level 4 spell: Throw Icicle
  4775 | D:4      | Noticed Squonk's ghost (amateur NaEn)
  4787 | D:4      | Killed Squonk's ghost
  5246 | D:5      | Entered Level 5 of the Dungeon
  5741 | D:5      | Reached XP level 7. HP: 36/36 MP: 10/17
  6094 | D:5      | Found a blossoming altar of Fedhas.
  6115 | D:5      | Found a shattered altar of Ashenzari.
  6168 | D:5      | Reached skill level 6 in Spellcasting
  6219 | D:6      | Noticed Sigmund
  6225 | D:6      | Killed Sigmund
  6292 | D:5      | Reached XP level 8. HP: 38/41 MP: 0/19
  6430 | D:6      | Found a glowing drain.
  6452 | Sewer    | Entered a sewer
  7177 | Sewer    | Reached skill level 7 in Spellcasting
  7177 | Sewer    | Reached skill level 5 in Conjurations
  7177 | Sewer    | Reached skill level 5 in Ice Magic
  7277 | Sewer    | Reached skill level 5 in Dodging
  8071 | D:5      | Found a deep blue altar of Sif Muna.
  8082 | D:5      | Became a worshipper of Sif Muna the Loreminder
  8122 | D:5      | Found a bloodstained altar of Trog.
  8151 | D:5      | Reached skill level 5 in Stealth
  8183 | D:5      | Noticed Zorot's ghost (novice DsGl)
  8224 | D:5      | Killed Zorot's ghost
  8457 | D:5      | Reached skill level 5 in Summonings
  8554 | D:5      | Reached XP level 9. HP: 45/45 MP: 10/22
  8562 | D:5      | Found a stormy altar of Qazlal.
  8567 | D:5      | Found a hazy altar of Hepliaklqana.
  8567 | D:5      | Found a shattered altar of Ashenzari.
  8644 | D:5      | Found a staircase to the Ecumenical Temple.
  8650 | Temple   | Entered the Ecumenical Temple
  8881 | D:6      | Reached skill level 8 in Spellcasting
  9098 | D:6      | Reached skill level 5 in Charms
  9145 | D:6      | Noticed Eustachio
  9454 | D:6      | Noticed Duvessa
  9465 | D:6      | Killed Duvessa
  9608 | D:6      | Noticed Dowan
  9615 | D:6      | Killed Dowan
  9908 | D:6      | Killed Eustachio
  9908 | D:6      | Reached * piety under Sif Muna
 10520 | D:7      | Reached skill level 9 in Spellcasting
 10685 | D:7      | Found a hide-covered altar of Uskayaw.
 11831 | D:7      | Reached XP level 10. HP: 44/50 MP: 16/25
 11926 | D:7      | Reached ** piety under Sif Muna
 12220 | D:8      | Reached skill level 1 in Invocations
 12479 | D:8      | Noticed xhc's ghost (novice MiFi)
 12886 | D:7      | Reached skill level 1 in Evocations
 13150 | D:8      | Noticed Gastronok
 13167 | D:8      | Killed Gastronok
 13167 | D:8      | Reached skill level 10 in Spellcasting
 13458 | D:8      | Killed xhc's ghost
 13788 | D:8      | Found a glowing golden altar of the Shining One.
 13914 | D:8      | Reached *** piety under Sif Muna
 14252 | D:8      | Found Wyhat's Antique Armour Shop.
 14513 | D:8      | Found an ancient bone altar of Kikubaaqudgha.
 15351 | D:9      | Got a bloodstained dagger
 15352 | D:9      | Identified the +5 dagger of the Hills {freeze, *Drain Fragile rPois rF+++} (You found it on level 9 of the Dungeon)
 15600 | D:9      | Noticed a hill giant
 15609 | D:9      | Noticed a six-headed hydra
 15631 | D:9      | Killed a hill giant
 15631 | D:9      | Reached XP level 11. HP: 20/54 MP: 13/27
 15654 | D:9      | Killed a six-headed hydra
 15898 | D:9      | Found a sacrificial altar of Ru.
 16235 | D:10     | Entered Level 10 of the Dungeon
 16282 | D:10     | Noticed a hill giant
 16286 | D:10     | Killed a hill giant
 16286 | D:10     | Reached skill level 11 in Spellcasting
 16696 | D:10     | Reached **** piety under Sif Muna
 17083 | D:10     | Noticed Joseph
 17313 | D:10     | Killed Joseph
 17790 | D:11     | Noticed a six-headed hydra
 17802 | D:11     | Killed a six-headed hydra
 18189 | D:11     | Learned a level 1 spell: Animate Skeleton
 18191 | D:11     | Learned a level 1 spell: Summon Butterflies
 18197 | D:11     | Learned a level 5 spell: Summon Mana Viper
 18359 | D:11     | Found a staircase to the Lair.
 18360 | D:11     | Noticed Urug
 18492 | D:10     | Noticed Erolcha
 18495 | D:10     | Killed Erolcha
 18726 | D:10     | Noticed a hill giant
 18736 | D:10     | Killed a hill giant
 18917 | D:10     | Killed Urug
 18917 | D:10     | Reached ***** piety under Sif Muna
 19094 | D:10     | HP: 1/52 [troll (8)]
 19416 | D:11     | HP: 2/54 [hippogriff (3)]
 19417 | D:11     | Slain by a yak

Skill      XL: |  1  2  3  4  5  6  7  8  9 10 11 |
---------------+----------------------------------+-----
Dodging        | 3 4 5 6 7 8 |  8.0
Spellcasting   | 4 5 6 7 9 10 11 | 11.8
Conjurations   | 2 3 4 5 6 7 |  7.5
Charms         | 1 2 3 4 6 7 8 |  8.9
Stealth        | 3 4 5 6 |  6.4
Ice Magic      | 4 5 6 7 9 |  9.1
Summonings     | 1 2 3 5 6 7 |  7.2
Invocations    | 3 4 |  4.6
Evocations     | 2 4 |  4.9

Action                   |  1- 3 |  4- 6 |  7- 9 | 10-12 || total
-------------------------+-------+-------+-------+-------++-------
Melee: Club              |     8 |    15 |     3 |       ||    26
       Unarmed           |     3 |       |       |       ||     3
       Flail             |       |       |    14 |     3 ||    17
       Dagger            |       |       |       |    38 ||    38
 Cast: Freeze            |    59 |    76 |    82 |    58 ||   275
       Throw Frost       |     9 |    46 |   151 |    67 ||   273
       Throw Icicle      |       |     6 |    34 |   102 ||   142
       Ozocubu's Armour  |       |     1 |    16 |    14 ||    31
       Summon Ice Beast  |       |       |    16 |    62 ||    78
       Summon Butterflie |       |       |       |    11 ||    11
Invok: Divine Energy     |       |       |       |     2 ||     2
       Stop Divine Energ |       |       |       |     1 ||     1
  Use: Scroll            |       |       |     5 |     4 ||     9
       Potion            |       |       |       |     2 ||     2
 Stab: Sleeping          |     1 |       |       |     2 ||     3
  Eat: Chunk             |     1 |    11 |    13 |    18 ||    43
       Meat ration       |       |     1 |     1 |     1 ||     3
       Fruit             |       |       |     2 |       ||     2
       Pizza             |       |       |     1 |       ||     1
Armor: Robe              |    13 |    22 |    13 |    20 ||    68
Dodge: Dodged            |    52 |    80 |    93 |   129 ||   354
